 Dungeon Crawl Stone Soup version 0.29-a0-824-gd827844252 (webtiles) character file.

Game seed: 14088714091736135799

386 Malachi the Ruffian (level 6, -3/57 HPs)
             Began as a Troll Earth Elementalist on July 9, 2022.
             Slain by an iguana (9 damage)
             ... on level 5 of the Dungeon.
             The game lasted 00:03:40 (3530 turns).

Malachi the Ruffian (Troll Earth Elementalist)      Turns: 3530, Time: 00:03:40

Health: -3/57      AC:  4    Str: 17    XL:     6   Next: 48%
Magic:  6/6        EV:  9    Int: 13    God:
Gold:   96         SH:  5    Dex: 10    Spells: 6/7 levels left

rFire   + . .      SeeInvis .     - Unarmed
rCold   . . .      Faith    .   (no shield)
rNeg    . . .      Spirit   .   a - +0 robe
rPois   +          Reflect  +   (helmet restricted)
rElec   .          Harm     .   (no cloak)
rCorr   .          Rampage  .   (gloves unavailable)
Will    .....                   (boots unavailable)
Stlth   +.........              q - amulet of reflection
HPRegen 0.99/turn               g - ring of poison resistance
MPRegen 0.10/turn               v - ring of protection from fire

@: hasted, very quick
A: large, unfitting armour, claws 3, regeneration 1, shaggy fur 1, tough skin 1
a: no special abilities


You were on level 5 of the Dungeon.
You visited 2 branches of the dungeon, and saw 6 of its levels.

You collected 96 gold pieces.

Inventory:

Missiles
 d - 5 javelins
 i - 6 curare-tipped darts
 m - 2 throwing nets
Armour
 a - a +0 robe (worn)
Jewellery
 g - a ring of poison resistance (left claw)
 q - an amulet of reflection (around neck)
 v - a ring of protection from fire (right claw)
Wands
 x - a wand of polymorph (10)
Scrolls
 e - 2 scrolls of identify {unknown}
 j - a scroll of fear {unknown}
 l - a scroll of amnesia {unknown}
 n - 3 scrolls of vulnerability {unknown}
 p - a scroll of magic mapping {unknown}
 r - a scroll of fog {unknown}
 s - 2 scrolls of teleportation {unknown}
 t - a scroll of enchant armour {unknown}
 w - a scroll of enchant weapon {unknown}
Potions
 b - 3 potions of magic
 c - a potion of haste
 f - a potion of brilliance {unknown}
 h - a potion of heal wounds {unknown}
 k - 2 potions of resistance {unknown}
 o - 2 potions of mutation {unknown}
 u - a potion of degeneration {unknown}


   Skills:
 + Level 1.7 Fighting
 - Level 1.5 Dodging
 - Level 1.0 Stealth
 + Level 0.5 Shields
 * Level 6.0 Unarmed Combat
 - Level 1.2 Spellcasting
 - Level 0.6 Transmutations
 - Level 2.6 Earth Magic


You had 6 spell levels left.
You knew the following spells:

 Your Spells              Type           Power      Damage    Failure   Level
a - Sandblast             Erth           14%        2d6       9%          1

Your spell library contained the following spells:

 Spells                   Type           Power      Damage    Failure   Level
 Passwall                 Tmut/Erth      4%         N/A       22%         2
 Ensorcelled Hibernation  Hex/Ice        0%         N/A       38%         2
 Stone Arrow              Conj/Erth      8%         3d7       43%         3
 Call Canine Familiar     Summ           0%         N/A       63%         3
 Portal Projectile        Hex/Tloc       0%         N/A       63%         3
 Swiftness                Air            0%         N/A       63%         3
 Petrify                  Tmut/Erth      5%         N/A       80%         4
 Leda's Liquefaction      Hex/Erth       2%         N/A       85%         4


Dungeon Overview and Level Annotations

Branches:
Dungeon (5/15)             Temple (1/1) D:4

Altars:
Cheibriados
Dithmenos
Elyvilon
Fedhas
Gozag
Hepliaklqana
Kikubaaqudgha
Makhleb
Nemelex Xobeh
Okawaru
Ru
Sif Muna
Trog
Uskayaw
Vehumet
Wu Jian
Xom
Yredelemnul
Zin
The Shining One

Shops:
D:1 [*!

Annotations:
D:5 3 runed translucent doors, Grinder; Querens's ghost, novice MeFi


Innate Abilities, Weirdness & Mutations

You are too large for most types of armour.
You have claws for hands.
Your natural rate of healing is unusually fast.
You are covered in fur. (AC +1)
You have tough skin. (AC +1)


Message History

Unknown command.
You claw Grinder! Your claw misses Grinder.
Grinder is moderately wounded.
The adder bites you but does no damage. Grinder hits you but does no damage.
Unknown command.
You barely miss Grinder.
Grinder is moderately wounded.
The adder bites you. Grinder hits you.
You writhe in agony.
Unknown command.
You are too injured to fight recklessly!
Unknown command.
You are too injured to fight recklessly!
Unknown command.
You are too injured to fight recklessly!
Unknown command.
You claw Grinder! Your claw misses Grinder.
Grinder is severely wounded.
The adder bites you. Grinder hits you.
You writhe in agony.
* * * LOW HITPOINT WARNING * * *
The adder bites you but does no damage.
You closely miss Grinder.
Grinder is severely wounded.
The adder bites you.
* * * LOW HITPOINT WARNING * * *
Grinder hits you!
* * * LOW HITPOINT WARNING * * *
You writhe in agony.
* * * LOW HITPOINT WARNING * * *
It was a potion of haste.
You feel yourself speed up. The adder bites you but does no damage.
Grinder gestures at you. You resist with significant effort.
Grinder gestures at you. You resist with significant effort.
An iguana comes into view.
The iguana hisses angrily.
The iguana bites you.
* * * LOW HITPOINT WARNING * * *
The iguana bites you!
You die...

†##...## .#8...8#
.##...##
###...######
#........########
##.......##.....#
####.......##.....##
............5..l...#
####.......##.S.@..#
#..†....#######..#
#.......# .#
...........# #
......###### .....)
...... ######


You could see Grinder, an iguana and an adder.

Vanquished Creatures
  A centaur (D:5)
  An orc priest (D:4)
  2 hounds (D:5)
  A jelly (D:4)
  Jessica (D:3)
  2 iguanas (D:4)
  2 adders
  2 worms
  A dart slug (D:1)
  6 orcs
  8 ball pythons
  6 endoplasms
  3 giant cockroaches
  3 goblins
  7 hobgoblins
  10 jackals
  4 quokkas
  3 bats
  6 frilled lizards
  6 kobolds
  3 rats (D:1)
  2 butterflies (D:4)
80 creatures vanquished.

Notes
Turn   | Place    | Note
-------+----------+-------------------------------------------
     0 | D:1      | Malachi the Troll Earth Elementalist began the quest for
                  | the Orb.
     0 | D:1      | Reached XP level 1. HP: 16/16 MP: 1/1
   201 | D:1      | Reached skill level 1 in Unarmed Combat
   211 | D:1      | Reached XP level 2. HP: 26/26 MP: 2/2
   235 | D:1      | Reached skill level 1 in Fighting
   314 | D:1      | Found Sitext's General Store.
   595 | D:1      | Found Ipul's Distillery.
   599 | D:1      | Reached XP level 3. HP: 33/33 MP: 3/3
   732 | D:1      | Found Oprefyesch's Antique Armour Emporium.
  1179 | D:2      | Reached skill level 2 in Unarmed Combat
  2193 | D:3      | Reached skill level 3 in Unarmed Combat
  2194 | D:3      | Reached XP level 4. HP: 41/41 MP: 4/4
  2312 | D:3      | Noticed Jessica
  2318 | D:3      | Killed Jessica
  2405 | D:4      | Reached skill level 4 in Unarmed Combat
  2407 | D:4      | Reached XP level 5. HP: 31/48 MP: 5/5
  2530 | D:4      | Found a staircase to the Ecumenical Temple.
  2558 | Temple   | Entered the Ecumenical Temple
  3208 | D:4      | Reached skill level 5 in Unarmed Combat
  3298 | D:5      | Entered Level 5 of the Dungeon
  3342 | D:5      | Found a runed translucent gate.
  3342 | D:5      | Found a runed translucent gate.
  3342 | D:5      | Found a runed translucent gate.
  3345 | D:5      | Noticed Querens's ghost (novice MeFi)
  3451 | D:5      | Noticed a centaur
  3460 | D:5      | Killed a centaur
  3461 | D:5      | Reached XP level 6. HP: 36/57 MP: 6/6
  3501 | D:5      | Noticed Grinder
  3511 | D:5      | Paralysed by Grinder for 2 turns
  3517 | D:5      | Reached skill level 6 in Unarmed Combat
  3530 | D:5      | Slain by an iguana

Illustrated notes

Levels and vault maps discovered:
D:1:      lightli_arrival_quake, layout_basic, serial_shops,
          nicolae_shop_window_shopping, shop, nicolae_shop_advertising_works
          [nicolae_subvault_shop_adworks]
D:2:      layout_basic, minmay_misc_feat_roman
D:3:      layout_basic, uniq_jessica
D:4:      layout_loops_cross, minmay_temple_entry_butterflies,
          hangedman_abyss_or_decor_passed
D:5:      layout_basic, nicolae_ashenzari_panopticon, serial_corexii_hall,
          chequers_hall_statues_y, corexii_hall_statues_i,
          gammafunk_ghost_necromancy, uniq_grinder
Temple:   mainiacjoe_temple_cubbyholes

Skill      XL: |  1  2  3  4  5  6 |
---------------+-------------------+-----
Unarmed Combat | 1 3 4 5 6 |  6.0
Fighting       | 1 |  1.7
Dodging        | |  1.5
Stealth        | |  1.0
Shields        | |  0.5
Spellcasting   | |  1.2
Transmutations | |  0.6
Earth Magic    | |  2.6

Action                   |  1- 3 |  4- 6 || total
-------------------------+-------+-------++-------
Melee: Unarmed           |   151 |    92 ||   243
       Punch             |     2 |     1 ||     3
  Use: Potion            |       |     1 ||     1
 Stab: Sleeping          |     4 |     2 ||     6
Armor: Robe              |    66 |    27 ||    93
Dodge: Dodged            |    84 |    31 ||   115
Block: Other             |       |    12 ||    12

Table legend: (Time is in decaauts)
 A = Elapsed time spent in this place.
 B = Non-inter-level travel time spent in this place.
 C = Inter-level travel time spent in this place.
 D = Time resting spent in this place.
 E = Time spent auto-exploring this place.
 F = Levels seen in this place.
 G = Mean time per level.
                   A        B        C        D        E       F      G
               +--------+--------+--------+--------+--------+-----+--------+
         Total |   3513 |   3333 |    180 |     40 |   2732 |   6 |  585.5 |
       Dungeon |   3171 |   3044 |    127 |     40 |   2445 |   5 |  634.2 |
        Temple |    342 |    289 |     53 |      0 |    287 |   1 |  342.0 |
               +--------+--------+--------+--------+--------+-----+--------+

Top non-repeatable levels by time:
     D:1: 1166 daAuts
     D:2: 620 daAuts
     D:4: 611 daAuts
     D:3: 547 daAuts
  Temple: 342 daAuts
     D:5: 226 daAuts
